Map: Eternal Empire LE

Players

Kelazhur - Winner!

  • Race: Terran Terran
  • League: Master
  • Spawn Location: 7:00

GunGFuBanDa

  • Race: Protoss Protoss
  • League: Grandmaster
  • Spawn Location: 1:00

Event: StayAtHomestory Cup #1

VOD

Have the link to the VOD?

Description

Time

  • Played on: April 10, 2020, 7:18 a.m.
  • Length: 18:22

All games in this series

Show
View Real Time Build Order
Export as new Build Order

Kelazhur Terran - Winner!

Build Orders: Reaper Expand 

Get SALT Encoding   

  12  0:00  SCV  
  13  0:13  SCV  
  14  0:17  Supply Depot  
  14  0:25  SCV  
  15  0:38  SCV  
  15  0:40  Barracks  
  16  0:44  Refinery  
  16  0:50  SCV  
  17  1:03  SCV  
  18  1:15  SCV  
  19  1:27  Reaper, Orbital Command  
  20  1:39  Command Center  
  20  1:53  SCV  
  21  1:56  Supply Depot  
  21  1:59  Marine  
  22  2:07  Engineering Bay  
  23  2:15  Factory  
  22  2:20  Bunker  
  22  2:22  Barracks Reactor  
  21  2:31  SCV  
  21  2:43  SCV  
  22  2:57  Orbital Command  
  21  2:59  SCV, Marine x2  
  23  3:06  Widow Mine  
  26  3:12  SCV  
  26  3:17  Marine  
  26  3:19  Orbital Command  
  28  3:22  Reaper  
  28  3:25  SCV  
  28  3:26  Refinery  
  29  3:28  Factory Tech Lab  
  29  3:37  SCV  
  29  3:38  Marine  
  31  3:47  SCV, Bunker  
  32  3:49  SCV  
  32  3:50  Siege Tank  
  32  3:54  Marine  
  37  3:55  Marine  
  37  3:56  Orbital Command  
  37  4:01  SCV, Supply Depot  
  39  4:14  SCV  
  40  4:21  Command Center  
  40  4:24  SCV  
  41  4:26  SCV  
  41  4:27  Siege Tank  
  45  4:37  SCV  
  45  4:39  Marine x2  
  45  4:41  SCV  
  48  4:51  SCV  
  48  4:53  SCV, Barracks x2  
  48  4:58  Supply Depot  
  49  5:01  Bunker  
  49  5:02  Marine  
  49  5:03  Engineering Bay, Marine  
  49  5:04  SCV  
  49  5:06  SCV  
  53  5:16  SCV  
  53  5:19  SCV  
  53  5:20  Refinery x2  
  55  5:21  Supply Depot  
  55  5:24  Marine  
  56  5:28  Terran Infantry Weapons Level 1  
  56  5:29  SCV  
  56  5:31  Marine  
  58  5:42  SCV  
  59  5:43  Barracks Tech Lab  
  59  5:44  Missile Turret  
  59  5:46  SCV  
  59  5:49  Marauder, Marine  
  64  5:50  Orbital Command  
  64  5:53  Stimpack  
  64  5:54  Marine  
  64  5:55  SCV  
  64  5:58  SCV  
  64  6:02  Marauder  
  67  6:05  Starport  
  67  6:07  Factory Reactor  
  67  6:08  SCV  
  68  6:12  SCV  
  68  6:13  Marine x2  
  68  6:16  Marauder  
  68  6:17  SCV  
  74  6:20  SCV  
  74  6:24  SCV  
  74  6:25  Supply Depot  
  74  6:27  Combat Shield  
  74  6:29  Marauder  
  74  6:31  SCV  
  78  6:32  SCV  
  78  6:39  Marine x2  
  80  6:40  Marauder  
  80  6:45  SCV x2  
  85  6:47  SCV  
  85  6:48  Supply Depot  
  85  6:50  Medivac x2, Factory Reactor  
  89  7:00  Barracks  
  89  7:01  Barracks  
  89  7:03  Marauder x2  
  93  7:08  Marine  
  93  7:09  Marine  
  93  7:14  SCV  
  95  7:21  Armory, Supply Depot x2, Engineering Bay  
  95  7:22  SCV, Terran Infantry Armor Level 1  
  96  7:30  Supply Depot, Orbital Command  
  96  7:31  SCV  
  96  7:33  Marauder x2  
  101  7:42  SCV, Medivac, Marine, Widow Mine  
  101  7:43  SCV  
  108  7:44  Medivac  
  108  7:46  Widow Mine  
  108  7:49  Barracks Reactor, Barracks Tech Lab  
  112  7:54  SCV  
  111  7:59  Concussive Shells  
  111  8:00  SCV, Marauder x2  
  116  8:05  Widow Mine  
  116  8:08  SCV, Marauder, Widow Mine  
  116  8:12  SCV  
  122  8:13  SCV  
  122  8:15  Terran Infantry Weapons Level 2  
  122  8:18  Marine x2  
  125  8:25  Supply Depot  
  125  8:27  Supply Depot  
  125  8:31  SCV, Marauder  
  125  8:34  SCV x2  
  130  8:35  Supply Depot  
  130  8:36  Supply Depot  
  130  8:38  Medivac  
  130  8:40  Marine  
  133  8:46  SCV, Medivac, Marine  
  133  8:47  Widow Mine x2  
  141  8:49  SCV, Marauder x2  
  141  8:52  Marauder  
  141  8:53  SCV  
  148  8:58  Missile Turret x2  
  148  8:59  SCV  
  149  9:03  Marine x3  
  149  9:08  Refinery x2  
  152  9:10  Marauder  
  152  9:12  Supply Depot  
  152  9:13  Supply Depot  
  154  9:22  Barracks  
  154  9:23  Barracks  
  154  9:26  Barracks  
  154  9:27  Marine x3  
  154  9:29  Terran Infantry Armor Level 2  
  157  9:34  Ghost Academy  
  157  9:38  Command Center  
  157  9:46  Bunker  
  157  9:48  Medivac x2  
  157  9:49  Widow Mine  
  157  9:51  Supply Depot, Widow Mine  
  165  9:53  Marine x2  
  165  9:56  Marauder  
  167  10:05  Marauder  
  155  10:07  Marine x2  
  163  10:14  Widow Mine x2  
  165  10:21  Marauder  
  165  10:25  Barracks Tech Lab  
  165  10:26  Barracks Reactor, Barracks Tech Lab  
  165  10:27  Enhanced Shockwaves, Marauder  
  167  10:29  Marine x2  
  167  10:35  Medivac x2  
  173  10:37  Unknown  
  173  10:40  Terran Infantry Weapons Level 3  
  147  11:01  Marauder, Marine x2  
  147  11:02  Marauder x2, Marine  
  147  11:03  Widow Mine x2  
  152  11:05  Unknown, Marine x3  
  152  11:07  Medivac  
  152  11:08  SCV  
  152  11:09  SCV  
  158  11:20  Viking  
  158  11:22  Marauder  
  158  11:23  Marauder  
  158  11:24  Marine  
  167  11:27  Planetary Fortress  
  167  11:29  SCV x2, Unknown  
  168  11:38  Viking, Supply Depot  
  172  11:40  Marine  
  173  11:47  Terran Infantry Armor Level 3  
  173  11:52  Unknown  
  173  12:04  Viking, Marauder, Marine  
  173  12:05  Marauder  
  173  12:07  SCV x2, Unknown  
  173  12:08  SCV, Marauder  
  183  12:16  Marine  
  183  12:17  Marine  
  183  12:21  Missile Turret  
  183  12:22  Unknown x2  
  190  12:23  Marauder x2  
  190  12:25  Marine  
  190  12:26  Marine  
  191  12:40  Command Center  
  191  12:42  Viking x2  
  195  12:48  Command Center  
  196  13:08  Marauder x2  
  198  13:16  Marauder  
  198  13:25  Unknown x2  
  184  13:38  Marauder  
  184  13:39  Marine x6  
  190  13:42  Viking x2  
  190  13:43  Widow Mine  
  190  13:44  Widow Mine  
  198  13:53  Unknown x2  
  198  13:54  Marauder  
  200  13:58  Unknown x2  
  200  14:01  Starport, Fusion Core  
  197  14:18  Marauder  
  197  14:19  Marine  
  199  14:24  Starport  
  199  14:26  Fusion Core  
  199  14:27  Starport  
  198  14:48  Viking  
  198  14:50  Planetary Fortress  
  199  14:58  Missile Turret  
  196  15:24  Starport Reactor x3  
  196  15:25  Advanced Ballistics  
  196  15:27  Terran Ship Weapons Level 1  
  196  15:29  Supply Depot  
  196  15:32  Unknown, Refinery, Sensor Tower x2  
  196  15:33  Supply Depot, Refinery  
  196  15:34  Command Center  
  196  15:35  Command Center  
  196  15:37  Command Center  
  196  15:38  Personal Cloaking  
  196  15:41  Command Center  
  196  15:53  Marauder x2  
  199  16:08  Marauder x2  
  196  16:15  Marauder x2  
  196  16:17  Marine  
  189  16:26  Marauder  
  189  16:28  Liberator  
  189  16:29  Liberator x2  
  174  16:57  Marauder x3, Marine x5  
  174  16:58  Marauder, Marine x2  
  187  17:04  SCV  
  187  17:08  SCV, Unknown  
  189  17:09  Orbital Command x4  
  189  17:15  Marine x4  
  190  17:16  SCV, Marauder  
  190  17:19  Liberator  
  190  17:20  SCV  
  200  17:31  Orbital Command  
  200  17:32  SCV  
  184  17:53  Marauder x4, Marine  
  186  18:03  Marine  
  148  18:19  Missile Turret  
Show
View Real Time Build Order
Export as new Build Order

GunGFuBanDa Protoss 

Build Orders: Blink Stalkers 

Get SALT Encoding   

  12  0:00  Probe  
  13  0:12  Probe  
  14  0:18  Pylon  
  14  0:24  Probe (Chrono Boost)  
  15  0:38  Probe (Chrono Boost), Gateway  
  16  0:43  Probe (Chrono Boost)  
  16  0:47  Assimilator  
  17  0:54  Pylon  
  17  0:58  Probe  
  18  1:10  Probe  
  19  1:12  Gateway  
  19  1:25  Cybernetics Core  
  19  1:27  Probe  
  20  2:00  Stalker (Chrono Boost)  
  24  2:03  Adept (Chrono Boost)  
  24  2:09  Probe  
  24  2:10  Warp Gate  
  24  2:15  Assimilator  
  24  2:21  Probe, Stalker (Chrono Boost)  
  27  2:33  Probe  
  30  2:46  Probe  
  29  2:58  Probe  
  28  3:10  Probe  
  28  3:11  Twilight Council, Stalker  
  31  3:16  Nexus  
  31  3:35  Pylon  
  31  3:39  Blink (Chrono Boost)  
  31  3:53  Probe  
  32  3:59  Sentry  
  34  4:05  Probe  
  35  4:10  Gateway  
  35  4:11  Robotics Facility  
  35  4:17  Probe  
  35  4:18  Stalker  
  35  4:22  Pylon  
  38  4:29  Probe x2  
  39  4:40  Stalker  
  39  4:41  Probe x2  
  43  4:53  Probe  
  43  4:54  Probe  
  45  5:00  Observer  
  45  5:01  Stalker  
  45  5:04  Stalker  
  45  5:05  Probe  
  45  5:06  Probe, Stalker  
  54  5:18  Probe (Chrono Boost)  
  56  5:23  Probe (Chrono Boost)  
  56  5:28  Probe (Chrono Boost)  
  57  5:29  Nexus  
  57  5:31  Probe (Chrono Boost)  
  57  5:34  Probe (Chrono Boost)  
  59  5:40  Forge  
  59  5:42  Probe (Chrono Boost)  
  60  5:51  Probe (Chrono Boost)  
  60  5:53  Probe (Chrono Boost)  
  60  5:54  Pylon  
  60  5:56  Assimilator  
  62  6:02  Charge, Assimilator  
  62  6:11  Protoss Ground Armor Level 1 (Chrono Boost)  
  62  6:12  Probe x2, Pylon, Observer  
  64  6:21  Gateway  
  64  6:23  Gateway  
  64  6:24  Probe  
  65  6:27  Probe  
  65  6:32  Pylon  
  66  6:37  Probe (Chrono Boost)  
  66  6:39  Gateway  
  68  6:41  Probe (Chrono Boost)  
  68  6:44  Probe (Chrono Boost)  
  70  6:49  Probe (Chrono Boost), Observer  
  70  6:51  Probe (Chrono Boost), Templar Archives  
  70  6:53  Gateway  
  72  6:54  Probe x2 (Chrono Boost)  
  72  6:56  Probe (Chrono Boost)  
  72  6:57  Pylon  
  72  7:01  Sentry  
  76  7:03  Probe x2  
  76  7:08  Probe  
  79  7:15  Probe, Pylon  
  80  7:16  Probe  
  80  7:17  Immortal  
  80  7:19  Zealot x2  
  80  7:20  Probe  
  90  7:22  Pylon  
  90  7:30  Psionic Storm  
  90  7:31  Gateway  
  90  7:32  Pylon  
  89  7:39  Probe x2  
  89  7:42  High Templar x2  
  95  7:46  Probe  
  95  7:48  Zealot x3, Assimilator  
  103  7:51  Probe x2  
  103  7:56  Observer  
  105  8:04  Protoss Ground Weapons Level 1 (Chrono Boost)  
  105  8:09  High Templar  
  105  8:12  Pylon  
  107  8:14  Assimilator  
  107  8:17  Immortal  
  111  8:20  Forge  
  111  8:21  Pylon  
  111  8:24  Pylon, High Templar  
  111  8:26  Zealot x5  
  123  8:35  Pylon  
  123  8:37  Pylon  
  123  8:39  Pylon  
  123  8:47  Protoss Ground Armor Level 2 (Chrono Boost)  
  123  8:48  Robotics Bay  
  123  8:51  Pylon  
  123  8:56  Warp Prism  
  123  8:59  Zealot x4  
  131  9:03  Zealot x3  
  131  9:07  Photon Cannon  
  137  9:11  Observer  
  137  9:20  Probe  
  134  9:25  Stalker x4  
  134  9:26  Zealot x3  
  147  9:35  Extended Thermal Lance (Chrono Boost)  
  147  9:38  Colossus (Chrono Boost)  
  153  9:49  Probe x2  
  153  9:52  Protoss Ground Weapons Level 2  
  153  9:53  Pylon  
  137  10:08  Stalker x7  
  151  10:27  Nexus  
  151  10:28  Colossus (Chrono Boost)  
  157  10:38  Zealot x7  
  169  10:43  Probe  
  169  10:44  Probe  
  155  11:01  Zealot x7  
  161  11:08  Pylon  
  161  11:23  Colossus (Chrono Boost)  
  161  11:24  Observer  
  161  11:30  Probe  
  161  11:31  Protoss Ground Armor Level 3 (Chrono Boost)  
  168  11:34  High Templar  
  168  11:35  High Templar  
  168  11:36  Zealot x4  
  168  11:38  Gateway  
  180  11:40  Gateway  
  180  11:43  Gateway  
  180  11:49  Gravitic Drive  
  178  12:05  Zealot x5  
  178  12:08  Colossus (Chrono Boost)  
  188  12:09  Photon Cannon  
  188  12:11  Photon Cannon  
  188  12:12  Shield Battery  
  188  12:14  Assimilator  
  194  12:18  Assimilator  
  194  12:20  Dark Shrine  
  194  12:27  High Templar  
  196  12:31  Pylon  
  196  12:33  Stargate  
  194  12:42  Zealot x4  
  196  12:52  Warp Prism (Chrono Boost)  
  196  12:57  Protoss Ground Weapons Level 3 (Chrono Boost)  
  192  13:07  Robotics Facility  
  192  13:12  Archon  
  192  13:13  Zealot x4  
  192  13:17  Zealot x2  
  192  13:18  Zealot x2  
  192  13:19  Zealot  
  198  13:20  Disruptor  
  170  13:27  Zealot  
  164  13:42  Zealot x3  
  164  13:43  Stalker x2, Zealot x2  
  164  13:44  Stalker  
  180  13:53  Disruptor  
  181  14:08  Probe x2  
  181  14:09  High Templar x3  
  185  14:11  Pylon  
  185  14:12  Assimilator  
  185  14:14  Pylon  
  185  14:15  Disruptor (Chrono Boost)  
  184  14:23  Zealot, Dark Templar  
  184  14:24  Zealot x5  
  196  14:29  Disruptor (Chrono Boost)  
  199  14:37  Observer  
  193  14:46  Fleet Beacon  
  194  14:53  Disruptor (Chrono Boost)  
  194  14:56  Disruptor (Chrono Boost)  
  191  15:05  Probe x2, High Templar  
  193  15:07  Probe x2  
  191  15:24  Warp Prism  
  191  15:26  Nexus  
  193  15:30  Pylon  
  193  15:32  High Templar  
  195  15:40  Shadow Stride (Chrono Boost)  
  195  15:41  Dark Templar x2  
  199  15:45  Photon Cannon  
  199  15:50  Unknown  
  197  16:21  Pylon  
  193  16:31  Dark Templar x3  
  167  16:56  High Templar x3  
  167  16:59  Carrier (Chrono Boost), Zealot x4, Colossus (Chrono Boost)  
  167  17:01  Immortal  
  194  17:10  Probe  
  195  17:20  Photon Cannon  
  195  17:22  Photon Cannon  
  193  17:24  Shield Battery  
  193  17:27  Pylon  
  189  17:33  Zealot x6  
  195  17:39  Archon  
  181  17:46  Dark Templar  
  181  17:50  Zealot x3  
  153  18:02  Archon  
  111  18:09  Zealot x4  
  111  18:10  Zealot x2  
  83  18:13  Zealot x2  
Tags
 
Add a new tag
Caveats
  • Supply blocks, unpowered buildings, or Contaminate may cause inaccurate times.
  • Supply counts are checked every 10 seconds.